 Dungeon Crawl Stone Soup version 0.23.1 (webtiles) character file.

Game seed: 0

16158 Lauz the Severer (level 12, -7/110 HPs)
             Began as a Minotaur Berserker on Mar 5, 2019.
             Was a High Priest of Trog.
             Mangled by a small abomination (14 damage)
             ... on level 1 of the Abyss.
             The game lasted 00:33:19 (12653 turns).

Lauz the Severer (Minotaur Berserker)              Turns: 12653, Time: 00:33:19

Health: -7/110     AC: 17    Str: 29    XL:     12   Next: 7%
Magic:  3/3        EV: 12    Int:  0    God:    Trog [*****.]
Gold:   697        SH:  0    Dex:  8    Spells: 11/11 levels left

rFire    . . .     SeeInvis +   J - +3 broad axe (antimagic)
rCold    + . .     Gourm    .   (no shield)
rNeg     + . .     Faith    .   M - quicksilver dragon scales
rPois    .         Spirit   .   D - +0 hat
rElec    .         Reflect  .   (no cloak)
rCorr    .         Harm     .   v - +0 pair of gloves of Action {rN+ Str+2 SInv Stlth-}
MR       +....     Rnd*Rage +   (no boots)
Stlth    ..........             (no amulet)
HPRegen  0.00/turn              w - +6 ring of protection
MPRegen  0.08/turn              L - ring "Simus" {*Contam rC+ Str+2 Slay+2 Stlth+}

@: slowed, lost intelligence, very slow
A: retaliatory headbutt, horns 2, [berserk 3], [clumsy 2], [deformed body],
[deterioration 2], [dopey 2], [screaming 2], [inhibited regeneration]
a: Berserk, Trog's Hand, Brothers in Arms, Renounce Religion


You were on level 1 of the Abyss.
You worshipped Trog.
Trog was extremely pleased with you.
You were not hungry.

You visited 2 branches of the dungeon, and saw 12 of its levels.
You visited the Abyss 1 time.
You also visited: Gauntlet.

You collected 697 gold pieces.

Inventory:

Hand Weapons
 l - a +2 hand axe of electrocution
 q - the +6 hand crossbow of Dishonesty {velocity, *Slow rN+ Dex+2}
   (You found it on level 3 of the Dungeon)

   Any bolt fired from it inflicts extra damage.
   It affects your dexterity (+2).
   It protects you from negative energy.
   It may slow you when you take damage.
 u - a +0 war axe
 A - a +0 battleaxe
 E - a +4 antimagic executioner's axe
 J - a +3 antimagic broad axe (weapon)
Armour
 a - a +1 plate armour
 b - a +0 animal skin
 e - a cursed +0 chain mail
 k - a +0 ring mail
 p - a +0 shield
 v - the +0 pair of gloves of Action (worn) {rN+ Str+2 SInv Stlth-}
   (You found it in a Gauntlet)

   It affects your strength (+2).
   It protects you from negative energy.
   It lets you see invisible.
   It makes you less stealthy.
 D - a +0 hat (worn)
 M - quicksilver dragon scales (worn)
Jewellery
 r - an uncursed ring of positive energy
 t - a +2 ring of strength
 w - a +6 ring of protection (left hand)
 K - the ring "Fuavuiqu" {Fire rElec Str-5 SInv}
   (You found it in a Gauntlet)

   [ring of fire]

   It enhances your fire magic.
   It affects your strength (-5).
   It protects you from fire.
   It makes you vulnerable to cold.
   It insulates you from electricity.
   It lets you see invisible.
 L - the ring "Simus" (right hand) {*Contam rC+ Str+2 Slay+2 Stlth+}
   (You found it in a Gauntlet)

   [ring of stealth]

   It affects your strength (+2).
   It affects your accuracy and damage with ranged weapons and melee attacks
   (+2).
   It protects you from cold.
   It causes magical contamination when unequipped.
   It makes you more stealthy.
Wands
 y - a wand of random effects (14)
 B - a wand of paralysis (6)
 C - a wand of iceblast (14)
 N - a wand of flame (21)
 O - a wand of polymorph (4)
 P - a wand of disintegration (9)
Scrolls
 d - 5 scrolls of identify
 f - 3 scrolls of noise
 g - a scroll of fear
 j - 6 scrolls of remove curse
 m - 2 scrolls of blinking
 x - a scroll of random uselessness {unknown}
 G - a scroll of teleportation
 I - a scroll of immolation {unknown}
 Q - a scroll of vulnerability {unknown}
 R - a scroll of magic mapping
Potions
 h - a potion of brilliance
 n - 2 potions of curing
 o - 3 potions of degeneration
 s - a potion of agility
 z - 2 potions of flight
 F - a potion of ambrosia {unknown}
 H - a potion of magic {unknown}
Comestibles
 c - 13 rations


   Skills:
 + Level 11.2 Fighting
 + Level 15.8 Axes
 + Level 12.5 Armour
 + Level 4.4 Dodging


You had 11 spell levels left.
You didn't know any spells.
Your spell library was empty.

Dungeon Overview and Level Annotations

Branches:
Dungeon (11/15)            Temple (0/1) D:4            Lair (1/6) D:10
    Orc (0/2) D:9

Altars:
Dithmenos
Nemelex Xobeh
Okawaru
Qazlal
Ru
Xom
Yredelemnul

Shops:
D:8 (

Annotations:
Lair:1 Sonja


Innate Abilities, Weirdness & Mutations

You reflexively headbutt those who attack you in melee.
You have a pair of horns on your head.
[You have an uncontrollable temper.]
[You are very clumsy. (Dex -4)]
[Armour fits poorly on your strangely shaped body.]
[Your body often deteriorates upon taking damage.]
[You are very dopey. (Int -4)]
[You sometimes yell uncontrollably at your foes.]
[You do not regenerate when monsters are visible.]


Message History

The hellwing hits you but does no damage. x3
The hellwing barely misses you. The orange demon closely misses you.
The orange demon completely misses you.
The hellwing hits you but does no damage.
The hellwing misses you.
The wretched star pulses with an eldritch light!
You feel yourself wasting away.
You feel your body start to fall apart. The orange demon misses you.
You furiously retaliate!
You headbutt the orange demon! The orange demon closely misses you.
The wretched star pulses with an eldritch light!
You feel the urge to shout.
You feel a strong urge to yell. The hellwing hits you!
* * * LOW HITPOINT WARNING * * *
The hellwing hits you but does no damage.
The small abomination barely misses you.
The orange demon stings you but does no damage.
The wretched star pulses with an eldritch light!
Your body twists and deforms.
The small abomination hits you!
You die...

....#. ## ##.....
#.### ....%
......
....##......
#..#..#..... ..
##....##...##
....#...*.#.....#
..?.....x.....X..
....#..44@#.... .
...###.4.###>.. #
#....#X## /. # #
.#..##.... . #
###...#.##. ... .
# .#..#....... #
# # ...#....
#.#..##.... #. #
..# ...###.#


You could see a starcursed mass (wandering), a wretched star, an orange demon, a
large abomination, 2 hellwings and a small abomination.

Vanquished Creatures
  A minotaur (Gauntlet)
  A hell beast (Gauntlet)
  A two-headed ogre (D:10)
  An unseen horror (D:10)
  A wizard (Gauntlet)
  An ugly thing (D:11)
  A salamander (Lair:1)
  3 smoke demons (Abyss:1)
  A rust devil (Gauntlet)
  A rime drake (Lair:1)
  A spiny frog (Lair:1)
  A minotaur zombie (Gauntlet)
  3 hellwings (Abyss:1)
  2 hippogriffs (D:7)
  3 blink frogs (Lair:1)
  5 yaks (D:9)
  A spriggan (D:9)
  2 ynoxinuls
  Sigmund (D:2)
  3 hungry ghosts
  A wyvern (D:8)
  A wraith (D:10)
  5 golden eyes (Abyss:1)
  3 vampire mosquitoes (D:9)
  A two-headed ogre zombie (D:9)
  An acid dragon (D:11)
  2 water moccasins (Lair:1)
  2 hell hounds (Gauntlet)
  4 black bears
  An ice beast (D:9)
  3 sky beasts
  A necrophage (D:8)
  4 phantoms
  2 centaurs
  2 ogres
  2 big kobolds
  2 crocodiles
  A small abomination (Abyss:1)
  2 bullfrogs
  A wyvern skeleton (D:10)
  5 scorpions
  8 killer bees
  A troll zombie (D:9)
  4 wights (D:7)
  2 howler monkeys
  A crimson imp (D:8)
  A bullfrog zombie (D:5)
  A lava snake (Lair:1)
  A quasit (D:10)
  2 jellies
  10 orc priests
  2 centaur skeletons
  6 hounds
  3 bullfrog skeletons
  4 iguanas
  4 iron imps
  15 orc wizards
  7 worker ants
  6 ogre zombies (D:9)
  5 gnolls
  10 adders
  A howler monkey skeleton (D:7)
  A white imp (Gauntlet)
  2 adder skeletons
  An adder zombie (D:9)
  4 worms
  4 dart slugs
  10 leopard geckos
  40 orcs
  5 giant cockroaches
  10 goblins
  4 hobgoblins
  7 jackals
  6 quokkas
  A ball python (D:1)
  4 bats
  6 frilled lizards
  3 goblin skeletons (D:9)
  A goblin zombie (D:9)
  3 hobgoblin zombies (D:9)
  A jackal skeleton (D:7)
  15 kobolds
  3 leopard gecko skeletons
  4 orc skeletons (D:9)
  14 orc zombies (D:9)
  A quokka skeleton (D:7)
  9 rats
  A starspawn tentacle (Abyss:1)
334 creatures vanquished.

Vanquished Creatures (others)
  A fire vortex (Lair:1)
  6 fungi (Gauntlet)
  16 plants (Gauntlet)
  5 starspawn tentacles (Abyss:1)
28 creatures vanquished.

Grand Total: 362 creatures vanquished

Notes
Turn   | Place    | Note
-------+----------+-------------------------------------------
     0 | D:1      | Lauz the Minotaur Berserker began the quest for the Orb.
     0 | D:1      | Reached XP level 1. HP: 19/19 MP: 0/0
    73 | D:1      | Reached skill level 4 in Axes
    75 | D:1      | Reached XP level 2. HP: 18/27 MP: 1/1
   720 | D:1      | Reached XP level 3. HP: 28/33 MP: 2/2
   812 | D:2      | Found a sparkling altar of Nemelex Xobeh.
   838 | D:2      | Noticed Sigmund
   852 | D:2      | Killed Sigmund
   852 | D:2      | Reached ** piety under Trog
   852 | D:2      | Reached skill level 6 in Axes
   852 | D:2      | Reached XP level 4. HP: 41/41 MP: 3/3
   852 | D:2      | Reached XP level 5. HP: 47/47 MP: 4/4
  1008 | D:2      | Found a sacrificial altar of Ru.
  1749 | D:3      | Reached skill level 5 in Fighting
  1979 | D:3      | Reached skill level 7 in Axes
  1979 | D:3      | Reached XP level 6. HP: 39/56 MP: 5/5
  2380 | D:3      | Got a bone hand crossbow
  2381 | D:3      | Identified the +6 hand crossbow of Dishonesty {velocity,
                  | *Slow rN+ Dex+2} (You found it on level 3 of the Dungeon)
  2990 | D:4      | Reached *** piety under Trog
  3045 | D:4      | Reached skill level 8 in Axes
  3192 | D:4      | Reached XP level 7. HP: 43/61 MP: 6/6
  3397 | D:4      | Found a basalt altar of Yredelemnul.
  3397 | D:4      | Found a shadowy altar of Dithmenos.
  3480 | D:4      | Found a staircase to the Ecumenical Temple.
  4276 | D:5      | Entered Level 5 of the Dungeon
  4281 | D:5      | Reached skill level 9 in Axes
  4336 | D:5      | Found an iron altar of Okawaru.
  4647 | D:5      | Found a shimmering altar of Xom.
  4656 | D:5      | Reached XP level 8. HP: 70/70 MP: 7/7
  4664 | D:5      | Reached **** piety under Trog
  5037 | D:6      | Reached skill level 10 in Axes
  5123 | D:6      | Reached skill level 5 in Armour
  5768 | D:7      | Noticed a hippogriff
  5779 | D:7      | Noticed a hippogriff
  5783 | D:7      | Killed a hippogriff
  5783 | D:7      | Reached XP level 9. HP: 41/79 MP: 8/8
  6039 | D:7      | Reached ***** piety under Trog
  6058 | D:7      | Reached skill level 11 in Axes
  6623 | D:7      | Found a stormy altar of Qazlal.
  7199 | D:8      | Found Jaon's Weapon Boutique.
  7487 | D:8      | Reached skill level 12 in Axes
  7896 | D:9      | Received a gift from Trog
  7977 | D:9      | Reached XP level 10. HP: 84/88 MP: 9/9
  8237 | D:9      | Found a staircase to the Orcish Mines.
  8592 | D:9      | Reached skill level 13 in Axes
  8766 | D:9      | Reached skill level 10 in Armour
  9254 | D:10     | Entered Level 10 of the Dungeon
  9274 | D:10     | Found a staircase to the Lair.
  9316 | D:10     | Noticed a two-headed ogre
  9326 | D:10     | Killed a two-headed ogre
  9627 | D:10     | Reached skill level 10 in Fighting
  9652 | D:10     | Received a gift from Trog
  9691 | D:10     | Killed an unseen horror
  9691 | D:10     | Reached skill level 14 in Axes
  9691 | D:10     | Reached XP level 11. HP: 55/99 MP: 3/10
 10115 | D:11     | Noticed a brown ugly thing
 10136 | D:11     | Killed a brown ugly thing
 10145 | D:11     | Noticed a green ugly thing
 10409 | Lair:1   | Entered Level 1 of the Lair of Beasts
 10506 | Lair:1   | Found a gate leading to a gauntlet.
 10510 | Gauntlet | Entered a Gauntlet
 10510 | Gauntlet | Found a transporter.
 10674 | Gauntlet | Noticed a wizard
 10675 | Gauntlet | Found a transporter.
 10677 | Gauntlet | Found a transporter.
 10679 | Gauntlet | Found a transporter.
 10707 | Gauntlet | Found a transporter.
 10722 | Gauntlet | Found a transporter.
 10727 | Gauntlet | Found a transporter.
 10742 | Gauntlet | Found a transporter.
 10742 | Gauntlet | Noticed an entropy weaver
 10759 | Gauntlet | Noticed a fire crab
 10761 | Gauntlet | Found a transporter.
 10769 | Gauntlet | Noticed a death yak
 10769 | Gauntlet | Noticed a death yak
 10770 | Gauntlet | Noticed a death yak
 10770 | Gauntlet | Noticed a death yak
 10771 | Gauntlet | Noticed a necromancer
 10773 | Gauntlet | Found a transporter.
 10785 | Gauntlet | Found a transporter.
 10785 | Gauntlet | Noticed a death drake
 10793 | Gauntlet | Found a transporter.
 10808 | Gauntlet | Found a transporter.
 10808 | Gauntlet | Noticed a green death
 10810 | Gauntlet | Found the ring of the Octopus King
 10816 | Gauntlet | Found a large runed translucent door.
 10817 | Gauntlet | Found a large runed translucent door.
 10818 | Gauntlet | Found a large runed translucent door.
 10818 | Gauntlet | Found a large runed translucent door.
 10818 | Gauntlet | Noticed a hell beast
 10819 | Gauntlet | Found a runed translucent gate.
 10820 | Gauntlet | Found a transporter.
 10820 | Gauntlet | Found a runed translucent gate.
 10821 | Gauntlet | Found a runed translucent gate.
 10822 | Gauntlet | Found a large runed translucent door.
 10822 | Gauntlet | Found a large runed translucent door.
 10823 | Gauntlet | Found a large runed translucent door.
 10824 | Gauntlet | Found a large runed translucent door.
 10833 | Gauntlet | Found a large runed translucent door.
 10833 | Gauntlet | Found a large runed translucent door.
 10833 | Gauntlet | Found a runed translucent door.
 10833 | Gauntlet | Found a runed translucent door.
 10834 | Gauntlet | Found a large runed translucent door.
 10835 | Gauntlet | Found a large runed translucent door.
 10837 | Gauntlet | Found a transporter.
 10845 | Gauntlet | Found a large runed translucent door.
 10845 | Gauntlet | Found a large runed translucent door.
 10846 | Gauntlet | Found a large runed translucent door.
 10847 | Gauntlet | Found a large runed translucent door.
 10855 | Gauntlet | Found a transporter.
 10857 | Gauntlet | Found a transporter.
 10896 | Gauntlet | Found a transporter.
 11202 | Gauntlet | Killed a wizard
 11289 | Gauntlet | Got a steaming steel ring
 11291 | Gauntlet | Identified the ring "Fuavuiqu" {Fire rElec Str-5 SInv} (You
                  | found it in a Gauntlet)
 11343 | Gauntlet | Killed a hell beast
 11491 | Gauntlet | Got a pair of fine gloves
 11497 | Gauntlet | Identified the +0 pair of gloves of Action {rN+ Str+2 SInv
                  | Stlth-} (You found it in a Gauntlet)
 11502 | Gauntlet | Got a clouded brass ring
 11504 | Gauntlet | Identified the ring "Simus" {*Contam rC+ Str+2 Slay+2
                  | Stlth+} (You found it in a Gauntlet)
 11534 | Gauntlet | Noticed a minotaur
 11543 | Gauntlet | Killed a minotaur
 11743 | Gauntlet | Reached skill level 15 in Axes
 12300 | Lair:1   | Noticed Sonja
 12310 | Lair:1   | Cast into level 1 of the Abyss (Sonja)
 12338 | Abyss:1  | Noticed a starcursed mass
 12382 | Abyss:1  | Noticed a tentacled starspawn
 12528 | Abyss:1  | Reached XP level 12. HP: 73/110 MP: 3/11
 12618 | Abyss:1  | Noticed a tentacled starspawn
 12647 | Abyss:1  | Lost intelligence.
 12653 | Abyss:1  | Mangled by a small abomination

Skill      XL: |  1  2  3  4  5  6  7  8  9 10 11 |
---------------+----------------------------------+-----
Axes           | 4 6 7 8 9 10 12 14 15 | 15.8
Fighting       | 4 5 6 7 8 10 11 | 11.2
Armour         | 3 4 6 9 10 12 | 12.5
Dodging        | 3 4 |  4.4

Action                   |  1- 3 |  4- 6 |  7- 9 | 10-12 || total
-------------------------+-------+-------+-------+-------++-------
Melee: Hand axe          |    42 |   131 |   316 |       ||   489
       Headbutt          |     5 |    25 |    70 |    74 ||   174
       Battleaxe         |       |       |    12 |   182 ||   194
       Broad axe         |       |       |       |   157 ||   157
       Executioner's axe |       |       |       |    10 ||    10
Invok: Berserk           |     1 |     1 |     1 |     7 ||    10
       Trog's Hand       |       |       |       |     1 ||     1
  Use: Scroll            |       |     6 |       |    12 ||    18
       Potion            |       |       |       |     7 ||     7
  Eat: Chunk             |       |     6 |    12 |    13 ||    31
       Ration            |       |     1 |     1 |     5 ||     7
Armor: Animal skin       |     6 |     1 |       |       ||     7
       Ring mail         |       |    27 |     7 |       ||    34
       Plate armour      |       |       |   135 |   226 ||   361
       Quicksilver drago |       |       |       |    65 ||    65
Dodge: Dodged            |    24 |    65 |   122 |   217 ||   428
